General information
	        
			
        
        - name: BNet
 
        - type: Ladder 1vs1/FFA
 
        - host: Battle.net
 
        - saver: PwnimusMaximus
 
        
map: SecretValley 
        - players: 2
 
        - length: 33:24
 
        - speed: Fast
 - version: 1.22 W3XP
 - replay type:  Public
 
» download(107 KB)
Players
        team 1 (winner) 
              
              
PwnimusMaximus (
blue | 78 APM | 2611 actions | 33:24)
              
 5 Death Knight 
 3 Death Coil
 2 Unholy Aura
 4 Firelord 
 2 Summon Lava Spawn
 2 Incinerate
 
                » actions 
                
                | Assign group hotkey | 43 |  | 
| Basic commands | 63 |  | 
| Build / train | 58 |  | 
| ESC pressed | 1 |  | 
| Enter build submenu | 51 |  | 
| Enter hero's abilities submenu | 9 |  | 
| Right click | 1541 |  | 
| Select / deselect | 314 |  | 
| Select group hotkey | 433 |  | 
| Use ability | 98 |  | 
                2611 total
 » units 
                
                | Acolyte | 10 |  | 
| Ghoul | 9 |  | 
| Crypt Fiend | 6 |  | 
| Obsidian Statue | 1 |  | 
                26 total
 » upgrades
                
                | Creature Attack | 1 |  | 
| Creature Carapace | 1 |  | 
| Web | 1 |  | 
                3 total
 » buildings
                
                | Altar of Darkness | 1 |  | 
| Ziggurat | 6 |  | 
| Crypt | 2 |  | 
| Tomb of Relics | 3 |  | 
| Graveyard | 1 |  | 
| Halls of the Dead | 6 |  | 
| Nerubian Tower | 1 |  | 
| Slaughterhouse | 2 |  | 
| Black Citadel | 4 |  | 
| Sacrificial Pit | 4 |  | 
| Necropolis | 12 |  | 
                42 total
 » build order
                00:06 Altar of Darkness
00:08 Ziggurat
00:32 Crypt
01:00 Tomb of Relics
01:22 Graveyard
01:39 Ziggurat
03:53 Halls of the Dead
03:53 Halls of the Dead
03:53 Halls of the Dead
04:31 Ziggurat
04:40 Nerubian Tower
06:42 Slaughterhouse
09:57 Black Citadel
09:58 Black Citadel
09:58 Black Citadel
10:29 Ziggurat
10:31 Ziggurat
12:57 Ziggurat
13:07 Sacrificial Pit
14:08 Slaughterhouse
14:58 Sacrificial Pit
15:01 Sacrificial Pit
15:09 Sacrificial Pit
17:44 Tomb of Relics
18:43 Necropolis
18:46 Necropolis
19:13 Necropolis
19:39 Necropolis
20:54 Necropolis
22:20 Necropolis
22:22 Necropolis
22:24 Necropolis
22:38 Tomb of Relics
22:52 Necropolis
23:05 Necropolis
25:31 Necropolis
28:14 Halls of the Dead
28:19 Crypt
31:52 Necropolis
» items
                
                | Rod of Necromancy | 2 |  | 
| Potion of Lesser Invulnerability | 1 |  | 
| Scroll of Town Portal | 4 |  | 
                7 total
  
               team 2 (loser) 
              
              
BoinaVerde (
yellow | 77 APM | 2564 actions | 33:21)
              
 1 Archmage 
 1 Blizzard
 2 Pit Lord 
 1 Rain of Fire
 1 Cleaving Attack
 
                » actions 
                
                | Assign group hotkey | 24 |  | 
| Basic commands | 101 |  | 
| Build / train | 87 |  | 
| Enter build submenu | 30 |  | 
| Enter hero's abilities submenu | 3 |  | 
| Give item / drop item | 1 |  | 
| Remove unit from queue | 1 |  | 
| Right click | 924 |  | 
| Select / deselect | 849 |  | 
| Select group hotkey | 431 |  | 
| Use ability | 113 |  | 
                2564 total
 » units 
                
                | Peasant | 11 |  | 
| Siege Engine | 22 |  | 
| Flying Machine | 1 |  | 
                34 total
 » upgrades
                
                | Gunpowder | 2 |  | 
| Masonry | 2 |  | 
| Barrage | 1 |  | 
| Flak Cannons | 1 |  | 
                6 total
 » buildings
                
                | Altar of Kings | 2 |  | 
| Farm | 13 |  | 
| Lumber Mill | 1 |  | 
| Scout Tower | 7 |  | 
| Guard Tower | 9 |  | 
| Keep | 3 |  | 
| Arcane Vault | 1 |  | 
| Blacksmith | 1 |  | 
| Castle | 3 |  | 
| Workshop | 2 |  | 
                42 total
 » build order
                00:03 Altar of Kings
00:10 Farm
01:03 Farm
01:22 Lumber Mill
01:42 Scout Tower
01:51 Scout Tower
02:32 Guard Tower
02:41 Keep
02:42 Keep
02:42 Keep
02:43 Guard Tower
02:52 Farm
02:58 Scout Tower
03:09 Arcane Vault
03:35 Blacksmith
03:41 Guard Tower
03:47 Farm
04:01 Farm
04:16 Farm
05:13 Farm
05:29 Castle
05:29 Castle
05:29 Castle
05:51 Workshop
06:24 Scout Tower
06:46 Workshop
07:02 Guard Tower
07:03 Farm
07:40 Farm
08:36 Scout Tower
10:10 Farm
10:26 Guard Tower
11:25 Scout Tower
12:39 Guard Tower
12:40 Guard Tower
13:15 Scout Tower
13:22 Altar of Kings
13:43 Farm
14:17 Farm
15:39 Guard Tower
15:39 Guard Tower
17:22 Farm
» items
                
                | Potion of Healing | 7 |  | 
| Lesser Clarity Potion | 7 |  | 
| Scroll of Regeneration | 2 |  | 
| Scroll of Town Portal | 7 |  | 
                23 total
  
                Chat log
          (00:12 / All) PwnimusMaximus: ggl
(00:19 / All) BoinaVerde: ggggg
(00:27 / All) BoinaVerde: me is noob
(00:29 / All) BoinaVerde: :D
(00:39 / All) PwnimusMaximus: me big noob too
(00:41 / All) PwnimusMaximus: :P
(00:42 / All) BoinaVerde: from
(00:48 / All) PwnimusMaximus: ireland
(00:51 / All) PwnimusMaximus: you?
(00:53 / All) BoinaVerde: :D
(00:54 / All) BoinaVerde: spain
(01:03 / All) PwnimusMaximus: euro champ
(01:04 / All) PwnimusMaximus: gj
(01:06 / All) PwnimusMaximus: :P
(01:11 / All) BoinaVerde: hahaha yea
(23:33 / All) PwnimusMaximus: rofl
(23:46 / All) BoinaVerde: mh?
(23:48 / All) PwnimusMaximus: shades
(24:07 / All) BoinaVerde: ou have mh
(24:12 / All) PwnimusMaximus: watch replay....
(24:16 / All) PwnimusMaximus: cry later...
(25:35 / All) BoinaVerde: have to nigh
(25:37 / All) BoinaVerde: for win
(26:54 / All) BoinaVerde: yes mh
(26:57 / All) PwnimusMaximus: rofl
(26:59 / All) BoinaVerde: where
(27:01 / All) PwnimusMaximus: 4 shades
(27:03 / All) BoinaVerde: download¿?
(27:04 / All) PwnimusMaximus: watch the repla
(27:06 / All) PwnimusMaximus: idiot
(27:14 / All) PwnimusMaximus: out
(27:15 / All) PwnimusMaximus: idiot
(27:16 / All) BoinaVerde: fuch
(27:17 / All) BoinaVerde: ou
(27:18 / All) PwnimusMaximus: yea
(27:23 / All) PwnimusMaximus: go fuck yourself
(27:24 / All) PwnimusMaximus: moron
(27:25 / All) BoinaVerde: ou is idiot
(27:28 / All) BoinaVerde: ou is from
(27:28 / All) PwnimusMaximus: crying at me
(27:30 / All) BoinaVerde: irelant
(27:34 / All) BoinaVerde: you is the idiot
(27:34 / All) PwnimusMaximus: cos I beat stupid gay tactic
(27:36 / All) PwnimusMaximus: with skill
(27:38 / All) PwnimusMaximus: fuck off
(27:43 / All) PwnimusMaximus: replay proves me right
(27:46 / All) PwnimusMaximus: get the fuck out
(27:48 / All) PwnimusMaximus: and grow up
(31:11 / All) PwnimusMaximus: bb
(31:14 / All) PwnimusMaximus: out pls
(31:18 / All) BoinaVerde: hahahaha
(31:21 / All) BoinaVerde: no mh muahahaha
(31:24 / All) PwnimusMaximus: yep
(31:26 / All) PwnimusMaximus: shades
(31:28 / All) PwnimusMaximus: everywhere
(31:29 / All) PwnimusMaximus: idiot
(31:30 / All) PwnimusMaximus: now
(31:32 / All) PwnimusMaximus: get out
(31:40 / All) PwnimusMaximus: pathetic
(31:54 / All) BoinaVerde: me go sleep
(32:05 / All) PwnimusMaximus: <3
(32:11 / All) PwnimusMaximus: kiss kiss
(32:18 / All) BoinaVerde: but me no left
(32:26 / All) PwnimusMaximus: suits me